 Dungeon Crawl Stone Soup version 0.31-a0-182-gc5ef74bbde (webtiles) character file.

Game seed: 1504041913573663418

4900 rddays123 the Fighter (level 10, -4/74 HPs)
             Began as an Octopode Monk on June 20, 2023.
             Slain by a manticore (8 damage)
             ... on level 9 of the Dungeon on Aug 20, 2023.
             The game lasted 00:22:55 (10341 turns).

rddays123 the Fighter (Octopode Monk)              Turns: 10341, Time: 00:22:57

Health: -4/74      AC:  1    Str: 20    XL:     10   Next: 51%
Magic:  15/15      EV: 16    Int: 20    God:
Gold:   674        SH:  0    Dex: 14    Spells: 15/16 levels left

rFire   . . .        q - +2 mace (drain)
rCold   . . .        c - orb {light}
rNeg    . . .        (helmet restricted)
rPois   .            p - amulet of the acrobat
rElec   .            f - +6 ring of intelligence
rCorr   .            i - +6 ring of strength
SInv    .            C - ring of flight
Will    .....        (no ring)
Stlth   +            (no ring)
HPRegen 0.32/turn    (no ring)
MPRegen 0.14/turn    (no ring)
                     (no ring)

%: acrobat
@: flying, glowing
A: almost no armour, amphibious, 8 rings, camouflage 1, gelatinous body 1,
(nimble swimmer 1), tentacles, MP-powered wands
a: no special abilities


You were on level 9 of the Dungeon.
You visited 1 branch of the dungeon, and saw 9 of its levels.

You collected 674 gold pieces.

Inventory:

Hand Weapons
 a - a +0 mace
 q - a +2 mace of draining (weapon)
 H - a +6 dire flail
 K - a +2 trident of venom
Armour
 c - an orb of light (worn)
 v - a +0 kite shield
 y - an orb of guile
 B - +0 steam dragon scales
 D - the +3 pair of gauntlets of War {Slay+5}
   (You found it on level 7 of the Dungeon)

   Slay:      It affects your accuracy & damage with ranged weapons and melee
   (+5).
Magical Staves
 I - a staff of air
Jewellery
 f - a +6 ring of intelligence (left tentacle)
 i - a +6 ring of strength (right tentacle)
 p - an amulet of the acrobat (around mantle)
 C - a ring of flight (on tentacle)
Wands
 j - a wand of flame (27) (quivered)
Scrolls
 d - 12 scrolls of identify
 h - 3 scrolls of torment {unknown}
 m - a scroll of poison {unknown}
 n - 4 scrolls of teleportation
 r - a scroll of fog {unknown}
 t - 2 scrolls of revelation {unknown}
 w - 2 scrolls of butterflies {unknown}
 x - a scroll of noise {unknown}
 A - 2 scrolls of vulnerability {unknown}
 E - 2 scrolls of amnesia {unknown}
 F - a scroll of brand weapon {unknown}
 J - a scroll of acquirement {unknown}
Potions
 b - a potion of ambrosia
 e - 3 potions of cancellation {unknown}
 g - a potion of heal wounds {unknown}
 k - 3 potions of curing {unknown}
 l - 3 potions of mutation
 o - 2 potions of lignification {unknown}
 s - a potion of attraction {unknown}
 u - a potion of resistance {unknown}
 z - 3 potions of degeneration {unknown}
 G - a potion of haste {unknown}


   Skills:
 + Level 9.1 Fighting
 - Level 9.0 Maces & Flails
 - Level 7.5 Dodging
 - Level 3.6 Spellcasting
 - Level 4.1 Hexes
 - Level 1.3 Evocations


You had 15 spell levels left.
You knew the following spells:

 Your Spells              Type           Power      Damage    Failure   Level
a - Slow                  Hex            80%        N/A       2%          1

Your spell library contained the following spells:

 Spells                   Type           Power      Damage    Failure   Level
 Confusing Touch          Hex            20%        N/A       7%          3
 Lesser Beckoning         Tloc           6%         N/A       21%         2
 Gell's Gravitas          Tloc           3%         N/A       38%         3
 Teleport Other           Tloc           3%         N/A       38%         3
 Vampiric Draining        Necr           3%         2d6       38%         3
 Vhi's Electric Charge    Tloc/Air       6%         N/A       38%         3
 Volatile Blastmotes      Fire/Tloc      6%         2d10      38%         3
 Fulminant Prism          Conj/Hex       5%         3d7       50%         4
 Iskenderun's Mystic Bla  Conj/Tloc      3%         2d3       80%         4
 Arcjolt                  Conj/Air       1%         1d11      98%         5
 Lee's Rapid Deconstruct  Erth           1%         3d4*      98%         5
 Plasma Beam              Fire/Air       1%         2x1d11    100%        6


Dungeon Overview and Level Annotations

Branches:
Dungeon (9/15)             Temple (0/1) D:7
   Lair: D:8-11         Orc: D:9-12

Altars:
Dithmenos
Elyvilon
Trog
Yredelemnul

Annotations:
D:7 3 runed translucent doors, pokeman's ghost, novice DEHW
D:8 2 transporters, bakla's ghost, novice DsBr


Innate Abilities, Weirdness & Mutations

You cannot wear most types of armour.
You are amphibious.
You can wear up to eight rings at the same time.
Your skin changes colour to match your surroundings (Stealth+).
Your rubbery body absorbs attacks. (AC +1, EV +1)
((You are camouflaged when in or above water. (Stealth+)))
You have tentacles for arms and can constrict up to eight enemies at once.
You expend magic power (3 MP) to strengthen your wands.


Message History

You sock the kobold!
You kill the kobold!
No target in view!
The killer bee buzzes angrily.
A killer bee is nearby!
The kobold shouts!
The manticore bites you. The manticore completely misses you. x2
You hit the manticore but do no damage. You hit the manticore.
The manticore is lightly wounded.
The manticore barely misses you. The manticore claws you.
The manticore claws you!
You completely miss the manticore. You squeeze the manticore.
The manticore is lightly wounded.
The manticore bites you. The manticore claws you!
The manticore closely misses you.
You hit the manticore.
The manticore is lightly wounded.
The manticore misses you. The manticore closely misses you.
The manticore claws you.
You hit the manticore but do no damage. You squeeze the manticore.
The manticore is moderately wounded.
The manticore closely misses you. The manticore claws you!
The manticore barely misses you.
You thump the manticore! You drain the manticore.
The manticore is heavily wounded.
The manticore misses you. The manticore closely misses you.
The manticore barely misses you.
You hit the manticore but do no damage. You squeeze the manticore.
The manticore is heavily wounded.
The manticore bites you!
The manticore claws you but does no damage.
The manticore closely misses you.
You sock the manticore!
You squeeze the manticore, but do no damage.
The manticore is severely wounded.
The manticore bites you!!
* * * LOW HITPOINT WARNING * * *
The manticore claws you!
You die...

#########
.......#
#.♣.♣.♣.# .
###K......# #..
#@HK.....<# #..
#.#y......# #..
#.#.♣.♣.♣.# #..
#.#.......# #..
#.##########
#..
#........[.#
#..
####.......#
#..
#..)..>.#######
#..............


You could see a manticore (drained), a killer bee and 2 kobolds.

Vanquished Creatures
  Maggie (D:7)
  An unseen horror (D:9)
  Prince Ribbit (D:8)
  A shadow (D:9)
  A steam dragon (D:6)
  An acid dragon (D:9)
  2 water moccasins
  2 orc warriors
  3 ice beasts
  2 sky beasts
  An ogre (D:5)
  A centaur (D:6)
  6 kobold brigands
  A bullfrog (D:5)
  4 scorpions
  A wyvern zombie (D:7)
  13 wights
  9 killer bees
  5 howler monkeys
  A hound (D:5)
  2 orc priests
  2 sleepcaps (D:5)
  2 iguanas
  9 orc wizards
  A howler monkey zombie (D:7)
  4 gnolls
  9 adders
  A shadow imp (D:5)
  2 white imps (D:7)
  A worm (D:2)
  2 dart slugs (D:4)
  30 orcs
  7 ball pythons
  4 bats
  4 endoplasms
  3 giant cockroaches
  13 goblins
  9 hobgoblins
  11 jackals
  36 kobolds
  5 quokkas
  7 frilled lizards
  6 rats
227 creatures vanquished.

Notes
Turn   | Place    | Note
-------+----------+-------------------------------------------
     0 | D:1      | rddays123 the Octopode Monk began the quest for the Orb.
     0 | D:1      | Reached XP level 1. HP: 16/16 MP: 1/1
   101 | D:1      | Reached XP level 2. HP: 21/21 MP: 2/2
   415 | D:1      | Reached XP level 3. HP: 8/26 MP: 3/3
  1045 | D:2      | Reached XP level 4. HP: 20/32 MP: 3/5
  1310 | D:2      | Found a white marble altar of Elyvilon.
  1692 | D:3      | Reached skill level 1 in Spellcasting
  2567 | D:4      | Reached XP level 5. HP: 37/37 MP: 5/7
  2572 | D:4      | Learned a level 1 spell: Slow
  2805 | D:4      | Reached skill level 1 in Hexes
  3116 | D:4      | Reached XP level 6. HP: 22/43 MP: 8/8
  3627 | D:5      | Entered Level 5 of the Dungeon
  3853 | D:5      | Noticed an ice beast
  3856 | D:5      | Gained mutation: You expend magic power (3 MP) to
                  | strengthen your wands. [potion of mutation]
  3861 | D:5      | Killed an ice beast
  3862 | D:5      | Reached XP level 7. HP: 49/49 MP: 0/10
  4293 | D:5      | Reached skill level 5 in Fighting
  4293 | D:5      | Reached skill level 5 in Maces & Flails
  4293 | D:5      | Reached skill level 5 in Dodging
  4293 | D:5      | Reached XP level 8. HP: 55/55 MP: 0/12
  5008 | D:6      | Found a shadowy altar of Dithmenos.
  6559 | D:7      | Found a runed translucent gate.
  6559 | D:7      | Found a runed translucent gate.
  6559 | D:7      | Found a runed translucent gate.
  6559 | D:7      | Noticed pokeman's ghost (novice DEHW)
  6561 | D:7      | Found a basalt altar of Yredelemnul.
  6827 | D:7      | Reached XP level 9. HP: 62/62 MP: 14/14
  7095 | D:7      | Identified the +6 quarterstaff of Subjectivity {pain, Will+
                  | Str+2}
  7096 | D:7      | Found the +3 pair of gauntlets of War {Slay+5}
  7136 | D:7      | Noticed Maggie
  7144 | D:7      | Killed Maggie
  7274 | D:7      | Found a bloodstained altar of Trog.
  7510 | D:7      | Found a staircase to the Ecumenical Temple.
  8117 | D:8      | Noticed Prince Ribbit
  8121 | D:8      | Killed Prince Ribbit
  8262 | D:8      | Noticed bakla's ghost (novice DsBr)
  8265 | D:8      | Found a transporter.
  8278 | D:8      | Found a transporter.
  8284 | D:8      | Found a bloodstained altar of Trog.
  8304 | D:8      | Noticed a moth of wrath
  8406 | D:8      | Reached skill level 1 in Evocations
  8492 | D:8      | Reached XP level 10. HP: 66/71 MP: 15/15
  8912 | D:9      | Noticed a manticore
  8937 | D:9      | Found a flagged portal.
  9414 | D:9      | Noticed an unseen horror
  9419 | D:9      | Killed an unseen horror
 10341 | D:9      | Slain by a manticore

Illustrated notes

Levels and vault maps discovered:
D:1:      ebering_hopf_link, layout_loops_cross, minmay_tromino_v4_a
D:2:      layout_basic, basic_altar
D:3:      layout_basic, serial_curves, eino_curves_04, eino_curves_03
D:4:      layout_cave_pods, minmay_crystal_room, corexii_checkpoint_a
D:5:      layout_cave_pods, minmay_misc_feat_secret_circle, kennysheep_diamond,
          kennysheep_nondescript, nicolae_eternal_life
D:6:      layout_layer_cave, amcnicky_altar_gilded, kennysheep_pointless_box
D:7:      layout_basic, mainiacjoe_overflow_alcove_1,
          nicolae_yredelemnul_ghost_church, temple_green, uniq_maggie
D:8:      layout_loops_ring, gammafunk_ghost_wrathful_warriors,
          minmay_unpleasant_kobolds, uniq_prince_ribbit1
D:9:      layout_rooms, orc_david_3, enter_bailey_5, grunt_ministairs_3

Skill      XL: |  1  2  3  4  5  6  7  8  9 10 |
---------------+-------------------------------+-----
Spellcasting   | 1 2 3 |  3.6
Fighting       | 4 5 6 7 9 |  9.1
Dodging        | 4 5 6 7 |  7.5
Maces & Flails | 4 5 6 7 9 |  9.0
Hexes          | 1 2 3 4 |  4.1
Evocations     | 1 |  1.3

Action                     |  1- 3 |  4- 6 |  7- 9 | 10-12 || total
---------------------------+-------+-------+-------+-------++-------
  Melee: Mace              |    72 |   108 |   178 |   103 ||   461
         Constrict         |    21 |    42 |    46 |    25 ||   134
         Tentacles         |    11 |    27 |    45 |    25 ||   108
         Punch             |     2 |     6 |     4 |     2 ||    14
  Evoke: Wand              |       |     5 |    22 |       ||    27
    Use: Potion            |       |     1 |       |       ||     1
         Scroll            |       |       |     3 |       ||     3
   Stab: Sleeping          |     1 |     1 |       |       ||     2
 Armour: Skin              |     5 |       |    10 |     8 ||    23
  Dodge: Dodged            |    51 |    72 |   139 |   130 ||   392

Table legend: (Time is in decaauts)
 A = Elapsed time spent in this place.
 B = Non-inter-level travel time spent in this place.
 C = Inter-level travel time spent in this place.
 D = Time resting spent in this place.
 E = Time spent auto-exploring this place.
 F = Levels seen in this place.
 G = Mean time per level.
                   A        B        C        D        E       F      G
               +--------+--------+--------+--------+--------+-----+--------+
         Total |  10407 |  10187 |    220 |   2179 |   6266 |   9 | 1156.3 |
       Dungeon |  10407 |  10187 |    220 |   2179 |   6266 |   9 | 1156.3 |
               +--------+--------+--------+--------+--------+-----+--------+

Top non-repeatable levels by time:
     D:8: 2216 daAuts
     D:6: 1687 daAuts
     D:5: 1225 daAuts
     D:4: 1163 daAuts
     D:7: 1154 daAuts
     D:3: 955 daAuts
     D:2: 820 daAuts
     D:1: 721 daAuts
     D:9: 462 daAuts
